 Dungeon Crawl Stone Soup version 0.25.1-2-g60ff931df9 (webtiles) character file.

Game seed: 8247035488193434893

11 DogServant the Ruffian (level 2, -1/25 HPs)
             Began as a Naga Transmuter on Oct 17, 2020.
             Slain by a ball python (2 damage)
             ... on level 1 of the Dungeon.
             The game lasted 00:00:33 (217 turns).

DogServant the Ruffian (Naga Transmuter)             Turns: 217, Time: 00:00:34

Health: -1/25      AC:  1    Str: 12    XL:     2   Next: 25%
Magic:  5/5        EV: 10    Int: 13    God:
Gold:   0          SH:  0    Dex: 11    Spells: 4/5 levels left

rFire    . . .     SeeInvis +     - Unarmed
rCold    . . .     Gourm    .   (no shield)
rNeg     . . .     Faith    .   b - +0 robe
rPois    +         Spirit   .   (no helmet)
rElec    .         Reflect  .   (no cloak)
rCorr    .         Harm     .   (no gloves)
MR       .....                  (no barding)
Stlth    +.........             (no amulet)
HPRegen  0.08/turn              (no ring)
MPRegen  0.09/turn              (no ring)

@: very slow
A: large, see invisible, deformed body, poison resistance, slowness 2, slow
metabolism 1, spit poison 1, AC +0
a: Spit Poison


You were on level 1 of the Dungeon.
You were not hungry.

You visited 1 branch of the dungeon, and saw 1 of its levels.

Inventory:

Missiles
 a - 12 arrows
Armour
 b - a +0 robe (worn)
Jewellery
 c - an uncursed ring of protection from fire {unknown}
Potions
 e - a potion of flight {unknown}
Comestibles
 d - a ration
 f - 4 chunks of flesh


   Skills:
 + Level 1.1 Fighting
 - Level 1.6 Dodging
 * Level 3.3 Unarmed Combat
 - Level 2.1 Spellcasting
 + Level 2.1 Transmutations


You had 4 spell levels left.
You knew the following spells:

 Your Spells              Type           Power        Failure   Level  Hunger
a - Beastly Appendage     Tmut           #.....       11%         1    ##.....

Your spell library contained the following spells:

 Spells                   Type           Power        Failure   Level  Hunger
 Sticks to Snakes         Tmut           #.......     16%         2    ###....
 Spider Form              Tmut/Pois      #.........   43%         3    ####...
 Ice Form                 Ice/Tmut       #.......     85%         4    #####..
 Blade Hands              Tmut           #.........   96%         5    ######.


Dungeon Overview and Level Annotations

Branches:
Dungeon (1/15)

Altars:


Innate Abilities, Weirdness & Mutations

You cannot wear boots.
Your serpentine skin is tough. (AC +0)
You have supernaturally acute eyesight. (SInv)
Armour fits poorly on your strangely shaped body.
Your system is resistant to poisons. (rPois)
You cover ground very slowly.
You have a slow metabolism.
You can spit poison.


Message History

The ball python hisses angrily.
You hit the goblin.
You kill the goblin!
You have got your breath back.
The goblin hits you but does no damage. The rat bites you.
You aren't carrying any potions.
You aren't carrying any scrolls.
Unknown command.
The goblin hits you with a +0 club.
* * * LOW HITPOINT WARNING * * *
The goblin barely misses you. The kobold hits you with a +0 dagger.
* * * LOW HITPOINT WARNING * * *
Your horns disappear.
The ball python barely misses you. x2; The rat barely misses you.
The goblin hits you with a +0 club.
* * * LOW HITPOINT WARNING * * *
You see here a bubbling sapphire potion.
e - a bubbling sapphire potion The ball python bites you.
You die...

......# ......# ......#
......# ......# ......>
#......# .......
###......# .......
#.@....# ....KK. #gSr...#
....... #KK....# .....(.
#......# .......##).....#
## ......K(†......###..#
.......#.......#....#
.......#..........#
....######.#....^....####


You could see a goblin, a ball python, 2 kobolds and a rat.

Vanquished Creatures
  A giant cockroach (D:1)
  3 goblins (D:1)
  A hobgoblin (D:1)
  A kobold (D:1)
  A bat (D:1)
  2 frilled lizards (D:1)
  A rat (D:1)
10 creatures vanquished.

Notes
Turn   | Place    | Note
-------+----------+-------------------------------------------
     0 | D:1      | DogServant the Naga Transmuter began the quest for the Orb.
     0 | D:1      | Reached XP level 1. HP: 18/18 MP: 3/3
   175 | D:1      | Reached XP level 2. HP: 23/25 MP: 5/5
   216 | D:1      | HP: 1/25 [goblin/+0 club (5)]
   217 | D:1      | Slain by a ball python

Illustrated notes

Levels and vault maps discovered:
D:1:      minmay_arrival_glassed_features, layout_rooms,
          minmay_misc_feat_columns

Action                   || total
-------------------------++-------
Melee: Unarmed           ||    22
       Headbutt          ||     2
       Punch             ||     1
 Cast: Beastly Appendage ||     3
 Abil: Spit Poison       ||     2
Armor: Robe              ||     1
Dodge: Dodged            ||    14
